AoeStats
← sadhwani.i.s.m

Arabia

509561541Analyzed
1v1 RM · 3d ago on Sep 27, 2026· 42m 55s· 2 players
Game mode
Random Map
Map size
Tiny (2 player)
Population
200
Speed
Normal
Resources
Standard
Victory
Conquest
Starting age
Dark Age
Ending age
Imperial Age
RankedLock teamsTeams togetherTeam positionsShared explorationLock speedFull tech treeHidden civsTurbo modeCheats
Victory
Defeat
🇮🇳 Vietnamese · India
704
+13
🇹🇷 Franks · Türkiye
629
-13
Ylmz
0:54 Loom
11:37 Feudal Age
12:09 Double-Bit Axe
17:58 Castle Age
16:23 Stone Mining
17:03 Man-at-Arms
17:29 Arson
24:59 Bow Saw
25:11 Ordonnance Companies
26:43 Wheelbarrow
25:53 Town Watch
26:14 Gambesons
30:27 Husbandry
34:13 Squires
33:33 Pikeman
40:29 Imperial Age
40:58 Long Swordsman
sadhwani.i.s.m
1:46 Loom
10:44 Feudal Age
11:18 Double-Bit Axe
11:15 Horse Collar
11:27 Gold Mining
12:51 Wheelbarrow
19:21 Castle Age
17:19 Stone Mining
20:39 Bow Saw
20:34 Heavy Plow
21:46 Forging
21:36 Scale Mail Armor
21:57 Hand Cart
22:20 Stone Shaft Mining
21:34 Pikeman
22:14 Squires
22:00 Arson
27:41 Fletching
28:05 Treadmill Crane
28:21 Murder Holes
28:44 Town Watch
34:10 Imperial Age
32:51 Chatras
32:21 Elite Skirmisher
33:09 Padded Archer Armor
34:45 Imperial Skirmisher
35:59 Thumb Ring
36:18 Ballistics
37:20 Halberdier
42:06 Bodkin Arrow
42:27 Leather Archer Armor
43:45 Chain Mail Armor
Connection lost

Rejoining the realm…

Still unreachable

The connection could not be restored.

Session expired

The server has moved on; the page needs a fresh start.